 Dungeon Crawl Stone Soup version 0.31-a0-618-g7ca08c1ff9 (webtiles) character file.

Game seed: 14815409695014558240

156487 tatocazan the Severer (level 17, -10/140 HPs)
             Began as a Demonspawn Berserker on Aug 6, 2023.
             Was a High Priest of Trog.
             Mangled by Ilsuiw
             ... wielding a +3 trident of freezing
              (12 damage)
             ... on level 2 of the Shoals on Aug 23, 2023.
             The game lasted 01:11:48 (49714 turns).

tatocazan the Severer (Demonspawn Berserker)       Turns: 49714, Time: 01:11:49

Health: -10/140    AC: 28    Str: 24    XL:     17   Next: 10%
Magic:  0/17       EV: 11    Int: 10    God:    Trog [*****.]
Gold:   1511       SH: 11    Dex: 13    Spells: 16/16 levels left

rFire   + + .        T - +6 broad axe (drain)
rCold   . . .        J - +0 kite shield
rNeg    . . .        P - +0 plate armour
rPois   .            c - +2 hat
rElec   .            p - +1 cloak {rF+}
rCorr   +            (gloves unavailable)
SInv    .            j - +2 pair of boots {rampage}
Will    ++...        C - amulet of guardian spirit Stlth
                     R - ring of protection from fire
HPRegen 0.43/turn    d - ring of willpower
MPRegen 0.15/turn

%: guardian spirit, rampage
@: engulfed (cannot breathe)
A: yellow scales 3, demonic guardian 2, foul stench 3, demonic touch 3
a: Renounce Religion, Berserk, Trog's Hand, Brothers in Arms


You were on level 2 of the Shoals.
You worshipped Trog.
Trog was extremely pleased with you.
You visited 5 branches of the dungeon, and saw 26 of its levels.
You visited the Abyss 2 times.
You also visited: Volcano.

You collected 2869 gold pieces.
You spent 1358 gold pieces at shops.

Inventory:

Hand Weapons
 S - a +1 war axe of flaming
 T - a +6 broad axe of draining (weapon)
 W - a +0 heavy hand crossbow
Missiles
 i - 45 poisoned darts (quivered)
 F - a throwing net
Armour
 c - a +2 hat (worn)
 j - a +2 pair of boots of rampaging (worn)
 p - a +1 cloak of fire resistance (worn)
 J - a +0 kite shield (worn)
 N - a scarf of invisibility
 O - a +0 tower shield
 P - a +0 plate armour (worn)
Jewellery
 d - a ring of willpower (right hand)
 y - an amulet of regeneration
 C - an amulet of guardian spirit (around neck)
 D - a ring of resist corrosion
 Q - a ring of protection from cold
 R - a ring of protection from fire (left hand)
 V - a ring of see invisible
 Z - a ring of protection from fire
Talismans
 q - a serpent talisman
 A - a beast talisman
Wands
 m - a wand of mindburst (19)
 n - a wand of light (4)
 z - a wand of roots (14)
 L - a wand of paralysis (11)
 M - a wand of flame (49)
Scrolls
 a - a scroll of fog
 g - a scroll of blinking
 h - 5 scrolls of vulnerability
 k - a scroll of immolation
 o - 12 scrolls of identify
 r - a scroll of enchant armour
 v - 3 scrolls of teleportation
 w - a scroll of revelation
 U - 2 scrolls of fear
Potions
 b - 2 potions of berserk rage
 e - 3 potions of resistance
 f - 2 potions of ambrosia
 s - 3 potions of mutation
 u - 4 potions of curing
 x - 2 potions of invisibility
 B - a potion of enlightenment {unknown}
 G - a potion of magic
 H - 2 potions of might
 I - 3 potions of haste
 X - 2 potions of cancellation


   Skills:
 + Level 14.9 Fighting
 * Level 15.8 Axes
 + Level 13.7 Armour
 + Level 11.8 Dodging
 * Level 11.3 Shields


You had 16 spell levels left.
You didn't know any spells.
Your spell library was empty.

Dungeon Overview and Level Annotations

Branches:
Dungeon (15/15)            Temple (0/1) D:5            Lair (5/5) D:9
 Shoals (2/4) Lair:3       Spider (2/4) Lair:2          Orc (2/2) D:10
    Elf (0/3) Orc:2        Vaults (0/5) D:14         Depths (0/4) D:15
Volcano (visited)
  Slime: Lair:4-5

Altars:
Gozag
Kikubaaqudgha
Nemelex Xobeh
Uskayaw
Wu Jian
Jiyva

Shops:
D:3 ?   D:4 :   D:6 (   D:7 :   Orc:1 (([(   Orc:2 ?([*

Portals:
Trove: D:10 (give +2 gold dragon scales)

Annotations:
D:6 2 transporters, Heh's ghost, novice OpSh
D:10 1 transporter
D:15 Roxanne
Lair:2 1 runed translucent door, Pokonic1's ghost, journeyman DsIE
Lair:3 1 runed translucent door
Lair:4 exclusion: 2 oklob plants
Shoals:2 Ilsuiw


Innate Abilities, Weirdness & Mutations

You are completely covered in yellow scales. (AC +4, rCorr)
A demonic guardian rushes to your aid.
You frequently emit foul miasma when damaged in melee.
Your touch may irresistibly damage your foes and sap their willpower.


Message History

The merfolk siren hits you with a +0 spear.
* * * LOW HITPOINT WARNING * * *
The merfolk siren is engulfed in a cloud of scalding steam.
The merfolk siren barely misses your smoke demon.
You block the merfolk impaler's attack.
You take 9 damage, and have 17/140 hp.
You now have 2/17 mp.
* * * LOW HITPOINT WARNING * * *
Your lungs strain for air!
Your smoke demon barely misses the merfolk javelineer. x2
Your smoke demon hits the merfolk javelineer but does no damage.
Your smoke demon gestures at the merfolk siren.
The ball of steam hits the merfolk siren!
The merfolk siren dies!
Trog accepts your kill.
Trog appreciates your killing of a magic user.
The water elemental barely misses you.
The merfolk javelineer throws a javelin.
The javelin pierces through your smoke demon!
You block the water elemental's attack. Ilsuiw hits you but does no damage.
The merfolk siren is engulfed in dark miasma.
The merfolk siren looks even sicker.
The merfolk siren seems to slow down.
The merfolk siren chants a haunting song.
You easily resist.
Your smoke demon gestures at the merfolk javelineer.
The sticky flame hits the merfolk siren!
The merfolk siren is covered in liquid flames!
You block the water elemental's attack.
The merfolk siren is engulfed in a cloud of scalding steam.
The merfolk siren hits you but does no damage.
The water elemental hits you.
There is a stone staircase leading up here.
You take 8 damage, and have 9/140 hp.
You now have 1/17 mp.
* * * LOW HITPOINT WARNING * * *
Your lungs strain for air!
The merfolk siren is no longer moving slowly.
The flames covering the merfolk siren go out.
The merfolk siren stops burning.
Your smoke demon disappears in a puff of smoke!
Ilsuiw hits you from afar with a +3 trident of freezing!
You die...

#..###.............~
#............>.....~~
#............ .....~~
#..#....t..# ..~..~~
#..§§§.†).###.~~~.~~
#......†.##..~~~~.~~
##§.§.§....#..~..~~~~
##~§.mm3~~~~.~~~..~~~≈
#~~§~~m~@~~~~~~~~~~~~≈
.§§~~~mEE~~~~~<~~~~~~≈
.§~~~~~Em~~~~~~~~≈≈≈≈≈
#~~~~~~~~~~~~~~≈≈≈≈≈≈≈
#~~~~~~~~≈≈~~~~≈≈≈≈≈≈≈
#~~~~~~≈≈≈≈~~~~≈≈≈≈≈≈≈
#~~~~~~~≈≈≈≈~~~~≈≈≈≈≈≈
...#.~~~~≈≈~~~~~≈≈≈≈≈≈
..~~~~~~≈≈≈≈≈≈≈


You could see Ilsuiw, an alligator snapping turtle, a merfolk impaler, a merfolk
javelineer (distracted, drained, ally target), 3 water elementals, 2 merfolk
sirens and a friendly smoke demon (summoned).

Vanquished Creatures
  An orc warlord (Orc:1)
  Azrael (Spider:1)
  2 spark wasps (Spider:2)
  A merfolk javelineer (Shoals:2)
  2 merfolk impalers (Shoals:1)
  Josephine (D:10)
  An entropy weaver (Spider:2)
  An ogre mage (D:15)
  Fannar (Lair:1)
  9 hydras
  Erica (D:10)
  3 vault guards (D:14)
  A merfolk avatar (Shoals:1)
  A catoblepas (Lair:5)
  An anaconda (Lair:5)
  A radroach (Spider:2)
  A dancing weapon (Volcano)
  5 centaur warriors
  A merfolk aquamancer (Shoals:1)
  A death yak (Lair:4)
  5 boulder beetles
  4 two-headed ogres
  A tengu warrior (D:15)
  A deep troll earth mage (D:15)
  2 orc high priests (Orc:2)
  4 demonic crawlers
  A fire crab (shapeshifter) (D:15)
  5 pharaoh ants (Spider:2)
  A skeletal warrior (D:11)
  A sun moth (Spider:2)
  7 skysharks
  Amaemon (D:8)
  Lodul (D:11)
  2 orb spiders (Spider:2)
  2 sea snakes (Shoals:1)
  A steelbarb worm (Spider:1)
  10 harpies
  A flayed ghost (D:15)
  3 wizards (Volcano)
  A deep elf pyromancer (D:14)
  5 manticores
  7 wolf spiders
  7 fauns (Shoals:1)
  4 ugly things
  3 orc sorcerers
  3 moths of wrath
  5 cyclopes
  5 toenail golems (Volcano)
  An orange demon (D:8)
  2 merfolk sirens (Shoals:1)
  10 black mambas
  12 centaur zombies (D:11)
  Maurice (D:8)
  17 elephants
  A gargoyle (D:12)
  16 cane toads
  6 komodo dragons
  3 water nymphs
  4 torpor snails
  Maggie (D:7)
  An unseen horror (D:12)
  3 rime drakes
  A freezing wraith (D:15)
  An efreet (D:13)
  2 tengu conjurers
  2 wind drakes (Shoals:1)
  4 merfolk (Shoals:1)
  4 meliai
  Prince Ribbit (D:8)
  5 polar bears
  10 tarantellas
  2 hornets
  3 trolls
  2 snapping turtles (Shoals:1)
  12 blink frogs
  12 dream sheep
  17 slime creatures
  A jumping spider (shapeshifter) (D:14)
  14 jumping spiders
  12 culicivoras
  3 vampires (D:11)
  A culicivora (shapeshifter) (D:14)
  3 wyverns
  3 shadows
  6 wraiths
  50 yaks
  A water elemental (Shoals:1)
  Grum (D:8)
  7 basilisks
  A steam dragon (D:9)
  A fire elemental (Spider:1)
  2 fire bats (Lair:1)
  22 redbacks
  13 vampire mosquitoes
  6 wargs
  2 acid dragons (D:12)
  3 hell hounds (Spider:1)
  A water moccasin (shapeshifter) (D:14)
  18 water moccasins
  38 orc warriors
  4 black bears
  An ice beast (D:7)
  A sky beast (D:8)
  10 ogres
  26 wolves
  6 centaurs
  3 kobold brigands
  A gnoll sergeant (D:9)
  16 bullfrogs
  2 scorpions
  3 killer bees (D:8)
  3 howler monkeys
  4 vampire bats
  An electric eel (Lair:5)
  7 hounds
  3 jellies
  18 orc priests
  A gnoll bouda (D:7)
  3 sleepcaps (D:6)
  24 orc wizards
  3 iguanas
  11 adders
  9 gnolls
  2 shadow imps
  2 worms
  4 dart slugs
  91 orcs
  3 bat skeletons (D:3)
  3 bat zombies (D:3)
  4 endoplasms
  4 giant cockroaches
  7 hobgoblins
  4 jackals (D:1)
  15 kobolds
  3 quokkas
  7 ball pythons
  14 bats
  4 frilled lizards
  7 goblins
  10 rats
838 creatures vanquished.

Vanquished Creatures (collateral kills)
  An orc warlord (Orc:2)
  5 vault guards (D:14)
  2 hydras
  A boulder beetle (D:12)
  A deep troll shaman (Lair:5)
  Urug (D:11)
  A demonic crawler (Spider:1)
  3 death yaks (Lair:5)
  2 skeletal warriors (D:11)
  A pharaoh ant (Spider:2)
  A sea snake (Shoals:2)
  An orb spider (Spider:2)
  A harpy (Shoals:1)
  An orc sorcerer (Orc:2)
  An elephant (Lair:5)
  A merfolk siren (Shoals:2)
  A tengu conjurer (D:13)
  2 meliai (D:13)
  2 blink frogs (Lair:5)
  3 tarantellas
  2 dream sheep (Lair:5)
  2 slime creatures (D:15)
  3 jumping spiders
  A culicivora (Spider:1)
  A shadow (D:11)
  2 vampires (D:11)
  A fire bat (Lair:1)
  A yak (D:10)
  2 wraiths
  A golden eye (shapeshifter) (D:15)
  A redback (Spider:1)
  3 orc warriors
  An orc priest (Orc:2)
  A boggart zombie (D:11)
  3 orcs (Orc:2)
57 creatures vanquished.

Vanquished Creatures (others)
  2 wizards (Volcano)
  2 orc wizards
4 creatures vanquished.

Grand Total: 899 creatures vanquished

Notes
Turn   | Place    | Note
-------+----------+-------------------------------------------
     0 | D:1      | tatocazan the Demonspawn Berserker began the quest for the
                  | Orb.
     0 | D:1      | Reached XP level 1. HP: 18/18 MP: 1/1
    57 | D:1      | Gained mutation: You may rarely emit foul miasma when
                  | damaged in melee. [demonic ancestry]
    57 | D:1      | Reached XP level 2. HP: 24/24 MP: 2/2
   357 | D:1      | Reached skill level 3 in Axes
   362 | D:1      | Gained mutation: You sometimes emit foul miasma when
                  | damaged in melee. [demonic ancestry]
   362 | D:1      | Reached XP level 3. HP: 25/29 MP: 3/3
  1411 | D:2      | Reached ** piety under Trog
  1451 | D:2      | Gained mutation: You are partially covered in yellow
                  | scales. (AC +2) [demonic ancestry]
  1451 | D:2      | Reached XP level 4. HP: 35/35 MP: 4/4
  2020 | D:3      | Noticed a black bear
  2038 | D:3      | Killed a black bear
  2039 | D:3      | Reached XP level 5. HP: 38/42 MP: 5/5
  2192 | D:3      | Found The Oracle's Delphic Readings.
  2202 | D:3      | Bought a scroll of teleportation for 30 gold pieces
  3028 | D:3      | Found an ancient bone altar of Kikubaaqudgha.
  3039 | D:3      | Gained mutation: A weak demonic guardian rushes to your
                  | aid. [demonic ancestry]
  3039 | D:3      | Reached XP level 6. HP: 45/49 MP: 6/6
  3058 | D:3      | Reached skill level 4 in Axes
  3177 | D:4      | Found Mezxos Bago's Book Emporium.
  3209 | D:4      | Noticed a yak
  3224 | D:4      | Killed a yak
  3225 | D:4      | Gained mutation: You frequently emit foul miasma when
                  | damaged in melee. [demonic ancestry]
  3225 | D:4      | Reached XP level 7. HP: 55/55 MP: 7/7
  3225 | D:4      | Noticed a yak
  3406 | D:4      | Noticed a yak
  3408 | D:4      | Noticed a yak
  3426 | D:4      | Killed a yak
  3427 | D:4      | Reached skill level 5 in Fighting
  3446 | D:4      | Noticed a yak
  3491 | D:3      | Killed a yak
  3674 | D:4      | Killed a yak
  3675 | D:4      | Reached skill level 5 in Axes
  3675 | D:4      | Gained mutation: Your touch may inflict minor irresistible
                  | damage on your foes. [demonic ancestry]
  3675 | D:4      | Reached XP level 8. HP: 63/63 MP: 8/8
  4017 | D:5      | Entered Level 5 of the Dungeon
  4050 | D:5      | Found a staircase to the Ecumenical Temple.
  4147 | D:5      | Reached *** piety under Trog
  4201 | D:5      | Reached skill level 5 in Armour
  4217 | D:5      | Reached skill level 5 in Dodging
  4662 | D:6      | Noticed a hornet
  4684 | D:6      | Noticed Heh's ghost (novice OpSh)
  4692 | D:6      | Noticed a queen bee
  4740 | D:6      | Found a transporter.
  4743 | D:6      | Found a transporter.
  4793 | D:6      | Found Xoodesis's Weapon Emporium.
  4912 | D:6      | Reached skill level 6 in Axes
  4912 | D:6      | Gained mutation: Your touch may inflict irresistible damage
                  | on your foes. [demonic ancestry]
  4912 | D:6      | Reached XP level 9. HP: 65/71 MP: 9/9
  5743 | D:7      | Found Bamoinul's Tiny Tomes.
  6170 | D:7      | Noticed Maggie
  6178 | D:7      | Killed Maggie
  6178 | D:7      | Reached **** piety under Trog
  6417 | D:8      | Noticed Grum
  6419 | D:8      | Noticed Amaemon
  6420 | D:8      | Noticed an orange demon
  6627 | D:8      | Killed Amaemon
  6628 | D:8      | Reached skill level 7 in Axes
  6628 | D:8      | Reached XP level 10. HP: 80/80 MP: 7/10
  6752 | D:8      | Killed Grum
  6758 | D:8      | Killed an orange demon
  7149 | D:8      | Noticed Maurice
  7154 | D:8      | Killed Maurice
  7449 | D:8      | Paralysed by a hornet for 2 turns
  7506 | D:8      | Noticed Prince Ribbit
  7513 | D:8      | Killed Prince Ribbit
  8305 | D:8      | Found an ornate altar of the Wu Jian Council.
  8825 | D:9      | Reached skill level 8 in Axes
  9275 | D:9      | Reached XP level 11. HP: 71/89 MP: 9/11
  9343 | D:9      | Identified the +0 scale mail of the Bulwark {rC++ Will+
                  | Str-3}
  9473 | D:9      | Found a staircase to the Lair.
  9793 | D:10     | Entered Level 10 of the Dungeon
  9793 | D:10     | Found a transporter.
  9793 | D:10     | Found a transporter.
  9980 | D:10     | Found a portal to a secret trove of treasure.
  9996 | D:10     | Noticed Erica
 10024 | D:10     | Killed Erica
 10411 | D:10     | Noticed Josephine
 10421 | D:10     | Killed Josephine
 10485 | D:10     | Noticed a two-headed ogre
 10490 | D:10     | Killed a two-headed ogre
 10575 | D:10     | Found a staircase to the Orcish Mines.
 11037 | D:10     | Reached skill level 9 in Axes
 11089 | D:10     | Found a sparkling altar of Nemelex Xobeh.
 11092 | D:10     | Found an opulent altar of Gozag.
 11436 | D:11     | Noticed a two-headed ogre
 11436 | D:11     | Noticed a skeletal warrior
 11436 | D:11     | Noticed a skeletal warrior
 11436 | D:11     | Noticed a skeletal warrior
 11452 | D:11     | Reached skill level 10 in Fighting
 11811 | Lair:1   | Entered Level 1 of the Lair of Beasts
 11850 | Lair:1   | Found a dark tunnel.
 11861 | Volcano  | Entered a volcano
 11872 | Volcano  | Noticed a wizard
 11874 | Abyss:3  | Found a corrupted altar of Lugonu.
 11874 | Abyss:3  | Cast into level 3 of the Abyss (a wizard)
 11924 | Abyss:3  | Noticed a reaper
 11931 | Volcano  | Escaped the Abyss
 11937 | Volcano  | Killed a wizard
 12011 | Volcano  | Noticed a wizard
 12020 | Volcano  | Killed a wizard
 12067 | Volcano  | Noticed a wizard
 12079 | Volcano  | Killed a wizard
 12083 | Volcano  | Noticed a wizard
 12104 | Volcano  | Killed a wizard
 12248 | Volcano  | Noticed a +2 mace of flaming
 12256 | Volcano  | Gained mutation: Your touch may irresistibly damage your
                  | foes and sap their willpower. [demonic ancestry]
 12256 | Volcano  | Reached XP level 12. HP: 98/98 MP: 12/12
 12470 | Abyss:3  | Cast into level 3 of the Abyss (a wizard)
 12480 | Abyss:3  | Noticed a demonic crawler
 12483 | Volcano  | Escaped the Abyss
 13430 | Lair:1   | Reached skill level 10 in Axes
 13718 | Lair:1   | Noticed Fannar
 13739 | Lair:1   | Killed Fannar
 14166 | Lair:1   | Reached skill level 10 in Armour
 14284 | Lair:1   | Reached skill level 10 in Dodging
 15127 | Lair:2   | Found a hole to the Spider Nest.
 15622 | Lair:2   | Found a runed translucent door.
 16415 | Lair:2   | Noticed Pokonic1's ghost (journeyman DsIE)
 16491 | Lair:3   | Reached XP level 13. HP: 94/107 MP: 11/13
 17445 | Lair:3   | Reached skill level 11 in Axes
 17970 | Lair:3   | Found a runed translucent door.
 18166 | Orc:1    | Entered Level 1 of the Orcish Mines
 18191 | Orc:1    | Found Luvablul's Weapon Shop.
 18200 | Orc:1    | Bought a +1 war axe of flaming for 159 gold pieces
 18210 | Orc:1    | Found Woceeref's Weapon Shoppe.
 18361 | Orc:1    | Found Soudouj's Armour Boutique.
 19337 | Orc:1    | Found Cefut's Weapon Boutique.
 19502 | Orc:2    | Entered Level 2 of the Orcish Mines
 19502 | Orc:2    | Noticed an orc warlord
 19521 | Orc:1    | Killed an orc warlord
 20258 | Orc:2    | Reached ***** piety under Trog
 20259 | Orc:2    | Noticed an orc warlord
 20775 | Orc:2    | Found a staircase to the Elven Halls.
 21221 | Orc:2    | Killed an orc warlord
 21598 | Orc:2    | Found Vaeq's Magic Scroll Boutique.
 21606 | Orc:2    | Bought a scroll of fear for 48 gold pieces
 21606 | Orc:2    | Bought a scroll of identify for 24 gold pieces
 21606 | Orc:2    | Bought a scroll of teleportation for 36 gold pieces
 22140 | Orc:2    | Reached skill level 1 in Shields
 22757 | Orc:2    | Found Zeeph's Antique Weapon Shop.
 22759 | Orc:2    | Found Decrigin's Antique Armour Boutique.
 22766 | Orc:2    | Bought the +2 hat of the Bear Spirit {Spirit, Bear, *Rage
                  | Will++} for 837 gold pieces
 22766 | Orc:2    | Found the +2 hat of the Bear Spirit {Spirit, Bear, *Rage
                  | Will++}
 22882 | Orc:2    | Bought a runed hand crossbow for 104 gold pieces
 23692 | Orc:2    | Found Qemim's General Store.
 23697 | Orc:2    | Bought a scroll of enchant armour for 120 gold pieces
 24415 | Lair:4   | Gained mutation: A demonic guardian rushes to your aid.
                  | [demonic ancestry]
 24415 | Lair:4   | Reached XP level 14. HP: 116/116 MP: 14/14
 24678 | Lair:4   | Reached skill level 12 in Axes
 25159 | Lair:4   | Identified the +6 scale mail of Starshine {Dex+4}
 27385 | Lair:4   | Found a viscous altar of Jiyva.
 27542 | Lair:5   | Entered Level 5 of the Lair of Beasts
 27586 | Lair:5   | Reached skill level 5 in Shields
 28238 | Lair:5   | Received a gift from Trog
 28347 | Lair:5   | Reached skill level 13 in Axes
 30501 | Lair:5   | Reached XP level 15. HP: 76/124 MP: 12/15
 31761 | D:11     | Identified a scroll of acquirement
 31761 | D:11     | Acquired a +0 pair of boots of rampaging
 31835 | D:11     | Noticed Lodul
 32194 | D:11     | Noticed Urug
 32231 | D:11     | Killed Urug
 32240 | D:11     | Killed Lodul
 35204 | D:13     | Found a hide-covered altar of Uskayaw.
 35505 | D:13     | Reached skill level 14 in Axes
 35723 | D:13     | Found an ornate altar of the Wu Jian Council.
 36886 | D:14     | Found a gate to the Vaults.
 38084 | D:14     | Received a gift from Trog
 38697 | D:15     | Entered Level 15 of the Dungeon
 38715 | D:15     | Noticed Roxanne
 39255 | D:15     | Gained mutation: You are mostly covered in yellow scales.
                  | (AC +3) [demonic ancestry]
 39255 | D:15     | Reached XP level 16. HP: 131/133 MP: 16/16
 39255 | D:15     | Found a staircase to the Depths.
 39919 | Spider:1 | Entered Level 1 of the Spider Nest
 39974 | Spider:1 | Noticed Azrael
 39984 | Spider:1 | Killed Azrael
 40197 | Spider:1 | HP: 5/134 [demonic crawler (4)]
 40197 | Spider:1 | HP: 2/134 [demonic crawler (3)]
 41972 | Spider:1 | Reached skill level 10 in Shields
 41981 | Spider:1 | Reached skill level 15 in Axes
 43495 | Spider:1 | Upgraded the game from 0.31-a0-473-g61b50ae490 to
                  | 0.31-a0-618-g7ca08c1ff9
 47402 | Shoals:1 | Entered Level 1 of the Shoals
 48332 | Shoals:1 | Gained mutation: You are completely covered in yellow
                  | scales. (AC +4, rCorr) [demonic ancestry]
 48332 | Shoals:1 | Reached XP level 17. HP: 96/140 MP: 10/17
 49704 | Shoals:2 | Noticed Ilsuiw
 49714 | Shoals:2 | HP: 2/140 [drowned by a water elemental[Ilsuiw] (7)]
 49714 | Shoals:2 | Mangled by Ilsuiw

Illustrated notes

Levels and vault maps discovered:
D:1:      psy_arrival_fountain, layout_loops_ring,
          amcnicky_mini_rare_corridor_liquid, hangedman_feature_mirror,
          serial_bayou_pond_d, minmay_box_of_dots
D:2:      kennysheep_six_static_rooms, layout_rooms
D:3:      layout_basic, kennysheep_vampire_church, nicolae_nh_oracle_at_delphi
D:4:      layout_rooms, serial_shops, shop, nrook_mini_vaults
D:5:      layout_basic, minmay_temple_entry_offerings
D:6:      layout_cave_pools, gammafunk_ghost_hive, minmay_shop_grid_forest,
          st_stairs_7, chequers_serial_rivers_room_b, hellmonk_no_cap
D:7:      layout_loops_corners, chequers_serial_rivers_small_3,
          nicolae_shop_i_like_small_books_too, minmay_misc_feat_x, uniq_maggie
D:8:      layout_loops_cross, nzn_wu_jian_council_hall, uniq_amaemon,
          uniq_maurice, uniq_grum, uniq_prince_ribbit1
D:9:      layout_loops_corners, david_lair_generic, minmay_misc_feat_encased
D:10:     layout_stronghold, grunt_temple_overflow_opulence,
          minmay_orc_entry_temple_small, nicolae_trove_entry_crossroad,
          nicolae_diode_stairs, uniq_josephine, uniq_erica
D:11:     layout_cave_pods, serial_undead, serial_undead_e, serial_undead_b,
          serial_undead_a, serial_undead_f, serial_undead_d, serial_undead_a,
          uniq_nergalle, uniq_urug, uniq_lodul
D:12:     layout_stronghold
D:13:     layout_irregular_city, hangedman_feature_mirror,
          nicolae_uskayaw_dance_hall
D:14:     layout_loops_ring, erik_vaults_2, minmay_misc_feat_iff
D:15:     hellmonk_depths_entry_around_the_bend, layout_cave_pods, uniq_roxanne
Lair:1:   layout_regular_city, nicolae_volcano_entry_batcave, uniq_fannar
Lair:2:   layout_roguey, dummy_spider_entry, ebering_ghost_reflecting_pool
Lair:3:   layout_hall_layers, nicolae_shoals_entry_flooding, pf_torpor_hydra,
          grunt_megastairs_3
Lair:4:   nzn_winding_woodlands_medium [nzn_winding_woodlands_5x5_perimeter,
          nzn_winding_woodlands_5x15_lazy_stream,
          nzn_winding_woodlands_5x5_cross,
          nzn_winding_woodlands_5x5_checkerboard,
          nzn_winding_woodlands_center_pierced_h,
          nzn_winding_woodlands_5x5_default, nzn_winding_woodlands_hourglass,
          nzn_winding_woodlands_5x15_sidewinder,
          nzn_winding_woodlands_5x5_open_star], layout_cave_pods,
          minmay_slime_entry_oklob_enclosed
Lair:5:   grunt_lair_end_beastmaster, layout_gridlike,
          hangedman_lair_generics_rect
Shoals:1: layout_shoals, nicolae_shoals_square_sea_wall
Shoals:2: nicolae_shoals_deep_elves_summer_vacation, layout_shoals,
          nicolae_specific_store, uniq_ilsuiw
Spider:1: layout_spider_delve, uniq_azrael
Spider:2: layout_spider_delve
Orc:1:    layout_caves, basic_altar, serial_shops,
          nicolae_shop_bloodbath_and_beyond, nicolae_shop_pleasant_corner_grove,
          shop, shop
Orc:2:    grunt_orc_community_town_hall, layout_caves,
          grunt_orc_community_big_house_1, grunt_orc_community_big_house_2,
          grunt_orc_community_house_1, grunt_orc_community_house_3,
          grunt_orc_community_house_1, grunt_orc_community_house_1,
          grunt_orc_community_house_1, grunt_orc_community_house_3,
          roderic_batcave, lightli_orcish_oven

Skill      XL: |  1  2  3  4  5  6  7  8  9 10 11 12 13 14 15 16 |
---------------+-------------------------------------------------+-----
Armour         | 2 3 4 5 6 8 9 10 11 12 13 | 13.7
Dodging        | 2 3 4 5 6 8 9 10 11 | 11.8
Axes           | 3 4 5 6 7 8 9 10 11 13 14 15 | 15.8
Fighting       | 4 5 6 7 9 10 11 12 13 14 | 14.9
Shields        | 2 6 9 11 | 11.3

Action                     |  1- 3 |  4- 6 |  7- 9 | 10-12 | 13-15 | 16-18 || total
---------------------------+-------+-------+-------+-------+-------+-------++-------
  Melee: Hand axe          |   106 |    80 |       |       |       |       ||   186
         War axe           |       |    62 |   160 |   688 |   507 |       ||  1417
         Broad axe         |       |       |       |       |   915 |   562 ||  1477
  Throw: Dart              |     2 |     1 |     1 |     1 |    12 |     2 ||    19
 Invoke: Berserk           |     1 |     2 |     5 |    15 |    18 |     9 ||    50
         Trog's Hand       |       |       |     1 |     1 |       |       ||     2
         Brothers in Arms  |       |       |       |     3 |     5 |     3 ||    11
  Evoke: Wand              |       |       |       |     4 |     7 |     3 ||    14
    Use: Scroll            |       |     9 |     2 |    10 |    21 |     8 ||    50
         Potion            |       |       |       |     1 |     3 |     3 ||     7
   Stab: Sleeping          |     5 |       |       |       |       |       ||     5
         Petrified         |       |       |       |     3 |       |       ||     3
         Distracted        |       |       |       |     3 |     2 |     2 ||     7
         Petrifying        |       |       |       |     1 |       |       ||     1
         Invisible         |       |       |       |       |       |     2 ||     2
         Paralysed         |       |       |       |       |       |     2 ||     2
 Armour: Animal skin       |    46 |     6 |       |       |       |       ||    52
         Chain mail        |       |   139 |   164 |    79 |       |       ||   382
         Plate armour      |       |       |       |   563 |  1091 |   420 ||  2074
  Dodge: Dodged            |    80 |   128 |   117 |   387 |   696 |   343 ||  1751
  Block: Buckler           |       |    35 |    40 |   157 |    69 |       ||   301
         Kite shield       |       |       |       |       |   585 |   422 ||  1007
         Form:             |       |       |       |       |     1 |       ||     1
         Beast             |       |       |       |       |     1 |       ||     1

Table legend: (Time is in decaauts)
 A = Elapsed time spent in this place.
 B = Non-inter-level travel time spent in this place.
 C = Inter-level travel time spent in this place.
 D = Time resting spent in this place.
 E = Time spent auto-exploring this place.
 F = Levels seen in this place.
 G = Mean time per level.
                   A        B        C        D        E       F      G
               +--------+--------+--------+--------+--------+-----+--------+
         Total |  50600 |  49444 |   1156 |  24523 |  18511 |  29 | 1744.8 |
       Dungeon |  21254 |  20778 |    476 |   7167 |  10405 |  15 | 1416.9 |
          Lair |  13550 |  13114 |    436 |   7379 |   4290 |   5 | 2710.0 |
        Shoals |   2307 |   2271 |     36 |   1293 |    716 |   2 | 1153.5 |
   Spider Nest |   7457 |   7295 |    162 |   5122 |   1577 |   2 | 3728.5 |
  Orcish Mines |   5219 |   5174 |     45 |   3327 |   1175 |   2 | 2609.5 |
         Abyss |     69 |     69 |      0 |      0 |      0 |   2 |   34.5 |
       Volcano |    741 |    741 |      0 |    234 |    347 |   1 |  741.0 |
               +--------+--------+--------+--------+--------+-----+--------+

Top non-repeatable levels by time:
Spider:1: 4040 daAuts
  Lair:5: 3853 daAuts
  Lair:4: 3834 daAuts
   Orc:2: 3768 daAuts
Spider:2: 3417 daAuts
    D:11: 2352 daAuts
Shoals:1: 2287 daAuts
    D:10: 2152 daAuts
  Lair:2: 2139 daAuts
     D:8: 2070 daAuts
  Lair:1: 1927 daAuts
    D:14: 1877 daAuts
  Lair:3: 1796 daAuts
    D:12: 1788 daAuts
    D:13: 1701 daAuts
